Map: Dreamcatcher LE

Players

EviLToSsBG

  • Race: Terran Terran
  • League: Gold
  • Spawn Location: 11:00

DEADSPACER - Winner!

  • Race: Terran Terran
  • League: Gold
  • Spawn Location: 5:00

VOD

Have the link to the VOD?

Description

StormBG = EviLToSsBG [name change]
Requesting an analysis in order to improve please :)

Time

  • Played on: Sept. 4, 2018, 12:19 p.m.
  • Length: 16:07
Show
View Real Time Build Order
Export as new Build Order

EviLToSsBG Terran 

Build Orders: MMM Bio 

Get SALT Encoding   

  12  0:01  SCV  
  13  0:14  Supply Depot  
  13  0:18  SCV  
  14  0:27  Refinery  
  14  0:38  Barracks  
  14  0:41  SCV  
  15  0:53  SCV  
  16  1:01  Barracks  
  16  1:05  SCV  
  17  1:18  SCV  
  18  1:28  Barracks  
  18  1:29  Barracks Tech Lab  
  18  1:41  Orbital Command  
  18  1:51  Supply Depot  
  18  1:54  Barracks Tech Lab  
  18  2:01  Combat Shield  
  18  2:11  Refinery  
  18  2:12  SCV  
  19  2:15  Marine  
  19  2:18  Barracks Reactor  
  19  2:22  Marine  
  21  2:25  SCV  
  22  2:33  Supply Depot  
  22  2:37  SCV  
  22  2:38  Marine  
  22  2:39  Marine  
  25  2:45  Stimpack  
  25  2:57  SCV  
  26  2:59  Marine x2  
  26  3:02  Marauder  
  30  3:06  Marauder  
  30  3:09  SCV  
  33  3:21  Barracks  
  33  3:28  Marauder  
  33  3:29  Marine x2  
  39  3:34  Marauder  
  39  3:43  Supply Depot  
  39  3:48  Supply Depot  
  39  4:05  Marauder x2, Marine  
  39  4:06  Marine  
  39  4:08  SCV  
  46  4:15  Supply Depot  
  46  4:17  Barracks Tech Lab  
  46  4:19  Barracks Reactor  
  46  4:22  Marine  
  46  4:24  Marine  
  47  4:29  Marine x2  
  44  4:56  Marine x2  
  44  4:57  Marauder x2  
  44  4:58  Marine x2  
  52  5:10  SCV  
  53  5:23  Command Center  
  53  5:31  Engineering Bay  
  53  5:37  SCV  
  54  5:43  Marine x2  
  54  5:45  Marine x2  
  58  6:04  Missile Turret  
  58  6:14  Factory  
  58  6:15  Missile Turret  
  58  6:17  Marauder  
  60  6:27  Missile Turret  
  60  6:32  Marine  
  60  6:33  Marine  
  60  6:34  Marine  
  60  6:35  Marine  
  64  6:40  SCV  
  65  6:54  Supply Depot  
  65  6:58  Starport  
  65  7:03  Cyclone  
  68  7:26  Marine x2  
  68  7:27  Marine x2  
  68  7:28  Marauder x2  
  68  7:29  SCV  
  77  7:31  SCV  
  78  7:40  Supply Depot  
  78  7:43  Starport Reactor  
  78  7:47  Marine x2  
  80  7:53  Marine x2  
  82  8:04  Orbital Command  
  82  8:07  Liberator  
  58  8:25  Medivac  
  63  8:27  Cyclone  
  63  8:28  Marine x2  
  63  8:29  Marine x2  
  63  8:30  Marauder  
  72  8:36  SCV x2  
  72  8:38  Liberator  
  74  8:52  Marauder  
  74  8:53  Marauder  
  78  8:59  Cyclone  
  59  9:40  Marine x4  
  59  9:41  Marauder x2  
  67  9:57  Marine  
  67  9:58  Marine  
  69  10:02  Marauder  
  69  10:03  Marauder  
  69  10:06  Marine x2  
  59  10:15  Marine x2  
  53  10:23  Marine x2  
  53  10:24  Marauder  
  55  10:35  Marine x2  
  47  10:36  Marine  
  47  10:41  Marine  
  47  10:42  Marauder  
  49  10:45  Marauder  
  43  10:53  Marine x3  
  43  10:56  Cyclone  
  47  11:02  Liberator  
  47  11:03  Marauder, Barracks  
  47  11:04  SCV  
  50  11:05  SCV  
  50  11:07  Marauder  
  53  11:13  Barracks  
  53  11:19  Barracks  
  53  11:22  Marine  
  53  11:23  Marine x3  
  53  11:24  Marauder  
  62  11:28  Cyclone, Marine  
  62  11:29  Medivac  
  68  11:40  Marine  
  68  11:41  Marine x3  
  68  11:46  Marauder x2  
  71  11:58  Marine x2  
  73  12:03  Marine x2  
  76  12:09  Marauder  
  76  12:10  Marauder  
  66  12:16  Marine x2  
  66  12:21  Marine x2  
  70  12:35  Missile Turret  
  70  12:38  Missile Turret  
  70  12:41  Missile Turret  
  64  12:55  Marine x2  
  64  12:56  Marine x2  
  64  12:57  Marauder x2  
  66  13:13  Marine x2  
  66  13:14  Marine x2  
  66  13:16  Cyclone  
  66  13:18  Marauder x2  
  66  13:19  Medivac  
  79  13:31  Marine x2  
  68  13:40  Marauder x2  
  69  13:48  Cyclone  
  69  13:53  Marine x2  
  69  13:54  Marine  
  75  13:55  Starport Tech Lab  
  75  13:59  Marine x4  
  75  14:00  Marine x2  
  53  14:11  Marine x2  
  53  14:12  Marine  
  56  14:17  Marine x4  
  47  14:31  Marine  
  49  14:43  Barracks Reactor  
  49  14:46  Barracks Reactor  
  49  14:49  Barracks Reactor  
  47  14:53  Marine x2  
  47  14:54  Marine x2  
  47  14:56  Marauder x2  
  55  15:05  Raven  
  57  15:11  Marine x2, Command Center  
  57  15:12  Marine x2  
  61  15:17  Marauder x2  
  61  15:19  Marine x2  
  67  15:22  Marine x2  
  67  15:26  Marine x2  
  71  15:29  Marine x2  
  71  15:30  Marine x2  
  75  15:38  Marine x2, Factory Tech Lab  
Show
View Real Time Build Order
Export as new Build Order

DEADSPACER Terran - Winner!

Build Orders: MMM Bio 

Get SALT Encoding   

  12  0:05  SCV  
  13  0:15  Supply Depot  
  13  0:18  SCV  
  14  0:30  SCV  
  15  0:42  SCV, Barracks  
  16  0:51  Refinery  
  16  0:54  SCV  
  17  1:06  SCV  
  17  1:09  Refinery  
  18  1:18  SCV  
  19  1:30  Supply Depot, SCV  
  20  1:34  Barracks Tech Lab  
  20  1:42  SCV  
  21  1:54  SCV  
  21  1:57  Marine  
  23  2:10  Command Center  
  23  2:15  Stimpack, Marine  
  24  2:26  SCV  
  25  2:33  Marine  
  26  2:51  Marine  
  27  3:01  Supply Depot  
  27  3:04  Barracks  
  27  3:08  Marine, Factory  
  28  3:18  Orbital Command  
  28  3:25  Engineering Bay  
  28  3:29  Marine  
  28  3:34  Supply Depot  
  29  3:47  Marine  
  30  3:50  Planetary Fortress  
  30  3:52  SCV  
  30  3:54  Barracks Reactor  
  31  3:59  Factory Tech Lab  
  31  4:13  Marine  
  32  4:17  SCV  
  33  4:24  Terran Infantry Weapons Level 1  
  33  4:29  SCV  
  33  4:30  Marine  
  35  4:35  Armory  
  35  4:41  SCV  
  35  4:43  Marine  
  35  4:44  Marine  
  36  4:48  Marine  
  35  4:53  SCV  
  35  4:58  Siege Tank  
  39  5:01  SCV  
  40  5:07  Refinery  
  40  5:09  Marine  
  40  5:13  SCV  
  42  5:18  Barracks  
  42  5:22  SCV  
  42  5:25  SCV  
  44  5:32  Marine x2  
  44  5:34  SCV  
  47  5:37  SCV  
  47  5:38  Siege Tank  
  51  5:45  Terran Vehicle Weapons Level 1  
  51  5:49  Engineering Bay  
  51  5:57  Marine x3  
  51  6:02  SCV  
  55  6:08  Factory  
  55  6:11  Refinery, SCV  
  55  6:14  SCV  
  55  6:15  Marine x2  
  59  6:23  SCV  
  60  6:26  SCV  
  61  6:33  Missile Turret  
  61  6:35  Missile Turret  
  61  6:36  Terran Infantry Weapons Level 2  
  61  6:37  Terran Infantry Armor Level 1  
  61  6:45  Marine  
  62  6:48  Missile Turret  
  62  6:49  Barracks Reactor  
  62  6:57  Marine x2  
  62  6:58  Factory Tech Lab  
  64  7:03  Supply Depot, Marine  
  64  7:07  Hellion  
  67  7:09  Missile Turret  
  67  7:14  Marine  
  68  7:20  Starport  
  68  7:25  Supply Depot  
  68  7:29  Hellion  
  70  7:34  Infernal Pre-Igniter  
  72  7:37  Hellion  
  72  7:39  Marine x4  
  72  7:40  Marine  
  72  7:43  Combat Shield  
  77  7:47  Supply Depot  
  77  7:50  Hellion  
  79  7:51  SCV  
  79  7:57  Marine x5  
  72  8:15  Marine x3  
  72  8:16  Marine x2  
  58  8:26  Hellion x2  
  62  8:33  Marine x4  
  62  8:34  Marine  
  67  8:40  Factory  
  67  8:47  Hellion  
  67  8:48  Hellion  
  71  8:51  Marine x2  
  73  8:59  Marine x3  
  76  9:08  Marine  
  76  9:09  Cyclone x2, Marine  
  74  9:17  Marine x3  
  77  9:26  Marine  
  77  9:27  Marine, Factory Tech Lab  
  77  9:34  Marine  
  77  9:35  Marine x2  
  80  9:41  Widow Mine x2  
  80  9:44  Marine x2  
  83  9:52  Marine x3  
  83  9:55  Medivac  
  83  9:58  Siege Tank  
  91  10:02  Siege Tank  
  82  10:25  Medivac  
  84  10:35  Marine x5  
  78  10:52  Marine  
  78  10:53  Marine x2  
  75  11:07  Marine x2  
  75  11:10  Terran Infantry Armor Level 2, Terran Infantry Weapons Level 3, Marine x2  
  75  11:11  Marine  
  80  11:24  Marine  
  81  11:27  Marine  
  81  11:28  Marine x3  
  85  11:33  Cyclone x3  
  94  11:40  Barracks  
  94  11:56  Supply Depot, Command Center  
  90  12:05  Cyclone x2  
  90  12:06  Widow Mine  
  97  12:21  Supply Depot  
  97  12:27  Widow Mine, Marine x4  
  103  12:38  Widow Mine  
  86  12:53  Marine  
  86  12:54  Marine x4  
  86  12:57  SCV x2  
  88  13:09  SCV x2  
  88  13:11  Marine x3  
  88  13:12  Marine x2  
  88  13:21  SCV  
  88  13:22  SCV  
  90  13:28  Barracks Reactor  
  90  13:29  Marine x4  
  90  13:30  Marine  
  90  13:32  Terran Vehicle Weapons Level 2  
  90  13:33  SCV  
  90  13:34  SCV  
  91  13:44  Planetary Fortress  
  91  13:46  SCV x2  
  91  13:47  Marine x5  
  98  13:58  SCV x2  
  91  14:05  Marine x5  
  93  14:10  SCV x2, Marine x2  
  96  14:22  SCV, Marine  
  96  14:23  Marine x4  
  97  14:26  Cyclone x3  
  97  14:27  Marine  
  97  14:28  Marine  
  102  14:38  Starport Reactor  
  102  14:40  Marine x3  
  102  14:41  Marine x2  
  102  14:45  Marine x2  
  107  14:46  Starport  
  107  14:50  Refinery  
  109  14:53  Refinery  
  109  14:58  Cyclone  
  112  15:00  Marine x4  
  112  15:01  Marine  
  112  15:03  Marine x2  
  112  15:05  Cyclone  
  122  15:16  Medivac x2  
  126  15:25  Widow Mine  
  128  15:31  Widow Mine  
  130  15:37  Widow Mine  
  130  15:41  SCV x2  
  134  15:46  Widow Mine  
  136  15:53  SCV  
Tags
 
Composition
MMM BioMMM Bio
League
GoldGold
Matchup
TvT
Race
Terran
Spawn Locations
Cross Positions
Add a new tag
Caveats
  • Supply blocks, unpowered buildings, or Contaminate may cause inaccurate times.
  • Supply counts are checked every 10 seconds.